 Dungeon Crawl Stone Soup version 0.21.1-1-g345015f (webtiles) character file.

8 inc the Vexing (level 2, -1/11 HPs)
             Began as a Felid Enchanter on Mar 5, 2018.
             Slain by a hobgoblin
             ... wielding a +0 club
              (4 damage)
             ... on level 1 of the Dungeon.
             The game lasted 00:01:35 (482 turns).

inc the Vexing (Felid Enchanter)                     Turns: 482, Time: 00:01:36

Health: -1/11      AC:  1    Str:  4    XL:     2   Next: 0%
Magic:  1/6        EV: 18    Int: 16    God:
Gold:   0          SH:  6    Dex: 16    Spells: 4/5 levels left
                                        Lives:  0   Deaths: 0

rFire    . . .     SeeInvis +     - Unarmed
rCold    . . .     Gourm    .   (shield unavailable)
rNeg     . . .     Faith    .   (armour unavailable)
rPois    .         Spirit   .   (helmet unavailable)
rElec    .         Reflect  +   (cloak unavailable)
rCorr    .         Harm     .   (gloves unavailable)
MR       .....                  (boots unavailable)
Stlth    +++.......             c - +6 amulet of reflection
HPRegen  0.03/turn              (no ring)
MPRegen  0.10/turn              (no ring)

@: very slightly contaminated, quick
A: very small, no armour, no weapons or thrown items, stealth, claws 1, fangs 3,
see invisible, carnivore, speed 1, shaggy fur 1, slow metabolism 1, sharp paws
a: no special abilities


You were on level 1 of the Dungeon.
You were not hungry.

You visited 1 branch of the dungeon, and saw 2 of its levels.

Inventory:

Jewellery
 c - a +6 amulet of reflection (around neck)
Books
 a - a book of Maledictions

   Spells                             Type                      Level
   a - Corona                         Hexes                        1
   b - Ensorcelled Hibernation        Hexes/Ice                    2
   c - Confuse                        Hexes                        3
   d - Tukima's Dance                 Hexes                        3
   e - Dazzling Spray                 Conjuration/Hexes            3
Comestibles
 b - a ration


   Skills:
 - Level 2.6 Dodging
 - Level 4.0 Stealth
 + Level 2.1 Unarmed Combat
 - Level 2.0 Spellcasting
 - Level 4.4 Hexes


You had 4 spell levels left.
You knew the following spells:

 Your Spells              Type           Power        Failure   Level  Hunger
a - Corona                Hex            ###....      3%          1    #......


Dungeon Overview and Level Annotations

Branches:
Dungeon (2/15)

Altars:


Innate Abilities, Weirdness & Mutations

You cannot wear armour.
You are incapable of wielding weapons or throwing items.
Your paws allow you to move quietly. (Stealth)
You have sharp claws.
You have razor-sharp teeth.
You have supernaturally acute eyesight. (SInv)
You are carnivorous and can eat meat at any time.
You cover ground quickly.
You are covered in fur. (AC +1)
You have a slow metabolism.
Your sharp claws are effective at attacking unaware monsters.


Message History

The frilled lizard is outlined in light.
You block the frilled lizard's attack.
You scratch the frilled lizard.
The frilled lizard is heavily wounded.
You block the frilled lizard's attack.
You scratch the frilled lizard.
You kill the frilled lizard!
You have reached level 2!
The hobgoblin closely misses you.
Casting: Corona
Confirm with . or Enter, or press ? or * to list all spells.
You don't have enough magic to cast that spell.
Unknown command.
You closely miss the hobgoblin.
You scratch the hobgoblin but do no damage.
The hobgoblin hits you with a club.
Ouch! That really hurt!
* * * LOW HITPOINT WARNING * * *
You closely miss the hobgoblin. The hobgoblin hits you with a club.
You die...

#......(#.. ####........#.
#........#...# # #.#####...##..
#.##.#####.....## #
#.......#........ #
####.##.#..###### #######
#######.............
#?....########..@g...##........##
..###..........#####.#####...##..
### ##########.# #.# #..#...# ##
.... #.# #.....#. .########
##....##.# ##....#.. .$#.....
.....##.# #....#... .s#..#
##......# #.......# ....# #.....#
#........ ....##
##..##.####...##...


You could see a hobgoblin.

Vanquished Creatures
  A ball python (D:2)
  2 giant cockroaches (D:1)
  A goblin (D:1)
  A hobgoblin (D:1)
  2 frilled lizards (D:1)
7 creatures vanquished.

Notes
Turn   | Place    | Note
-------+----------+-------------------------------------------
     0 | D:1      | inc the Felid Enchanter began the quest for the Orb.
     0 | D:1      | Reached XP level 1. HP: 7/7 MP: 4/4
   479 | D:1      | Reached XP level 2. HP: 9/11 MP: 0/6
   482 | D:1      | Slain by a hobgoblin

Skill      XL: |  1 |
---------------+----+-----
Unarmed Combat | 2 |  2.1
Dodging        | |  2.6
Stealth        | |  4.0
Spellcasting   | |  2.0
Hexes          | |  4.4

Action                   || total
-------------------------++-------
Melee: Unarmed           ||    27
 Cast: Corona            ||     8
 Stab: Sleeping          ||     2
Armor: Skin              ||     3
Dodge: Dodged            ||    27
Block: Other             ||    18
